 Dungeon Sprint DCSS version 0.19-a0-1907-gcff654f (webtiles) character file.

0 jerryfan the Charmwright (level 2, -1/25 HPs)
             Began as a Draconian Skald on Oct 21, 2016.
             Killed from afar by Sigmund (4 damage)
             ... with a puff of flame
             ... in the Dungeon (Sprint VI: "Thunderdome").
             The game lasted 00:02:16 (15 turns).

jerryfan the Charmwright (Draconian Skald)            Turns: 15, Time: 00:02:17

Health: -1/25      AC:  4    Str: 14    XL:     2   Next: 31%
Magic:  3/5        EV: 12    Int: 12    God:
Gold:   200        SH:  0    Dex: 10    Spells: 1 memorised, 5 levels left

rFire  . . .     SeeInvis .     a - +0 hand axe
rCold  . . .     Gourm    .     (armour unavailable)
rNeg   . . .     Faith    .     (no shield)
rPois  .         Spirit   .     (helmet restricted)
rElec  .         Reflect  .     (no cloak)
rCorr  .         Harm     .     (no gloves)
MR     .....     NoTele   +     (no boots)
Stlth  +.........               (no amulet)
                                (no ring)
                                (no ring)

@: no status effects
A: unfitting armour, cold-blooded, AC +4
a: no special abilities


You were in the Dungeon.
You were not hungry.

You visited 1 branch You collected 200 gold pieces.

Inventory:

Hand Weapons
 a - a +0 hand axe (weapon)
Wands
 j - a wand of acid (5/15)
 k - a wand of iceblast (2/15)
Scrolls
 i - 4 scrolls of blinking
 l - 3 scrolls of fog
Potions
 d - a potion of curing
 e - 4 potions of heal wounds
 f - 4 potions of haste
 g - 2 potions of magic
 h - a potion of berserk rage
 m - a potion of resistance
Books
 b - a book of Battle

   Spells                             Type                      Level
   a - Infusion                       Charms                       1
   b - Shroud of Golubria             Charms/Translocation         2
   c - Song of Slaying                Charms                       2
   d - Spectral Weapon                Hexes/Charms                 3
   e - Regeneration                   Charms/Necromancy            3
Comestibles
 c - a bread ration


   Skills:
 + Level 2.9 Fighting
 + Level 2.8 Axes
 + Level 2.0 Dodging
 + Level 2.6 Spellcasting
 + Level 3.7 Charms
 + Level 0.4 Evocations


You had 5 spell levels left.
You knew the following spells:

 Your Spells              Type           Power        Failure   Level  Hunger
a - Infusion              Chrm           ##..         8%          1    #......


Dungeon Overview and Level Annotations

Branches:
Dungeon (1/1)

Altars:
Dithmenos
Kikubaaqudgha
Makhleb
Ru
Trog
Uskayaw
Vehumet
Xom
Beogh
Jiyva
Lugonu

Shops:
D %???:(

Annotations:
D Sigmund


Innate Abilities, Weirdness & Mutations

Your plain brown scales are hard. (AC +4)
You cannot fit into any form of body armour.
You are cold-blooded and may be slowed by cold attacks.


Message History

The iceblast engulfs you!
Ouch! That really hurt!
* * * LOW HITPOINT WARNING * * *
This wand has 3 charges left.
The gnoll hits you but does no damage.
Casting: Infusion
Confirm with . or Enter, or press ? or * to list all spells.
Okay, then.
That item cannot be evoked!
Evoke which item? (* to show all) (? for menu, Esc to quit)
Zapping:
k - a wand of iceblast (3/15)
Press: ? - help, Shift-Dir - straight line, f - gnoll
Aim: a gnoll, wielding a spear (heavily wounded)
The mass of ice explodes!
The iceblast engulfs the gnoll.
You kill the gnoll!
Your Dodging skill increases to level 2!
You have reached level 2!
This wand has 2 charges left.
Sigmund points at you and mumbles some strange words.
The puff of flame hits you!
You die...

##.....## ##∩.....∩##
#∩.......∩#
#_....@...#
#_......._#
#_......._#
###.........###
#§...........§#
#####.8....).@..8.#
∩___......###......__
........8.# #.8......
..........###........
.......###...###.....
....... #.<.# .....
....... #...# ....
....... ..###... ....
........8. .8...


You could see Sigmund.

Vanquished Creatures
  A gnoll (D)
  An ooze (D)
2 creatures vanquished.

Notes
Turn   | Place    | Note
-------+----------+-------------------------------------------
     0 | D        | jerryfan the Draconian Skald began the quest for the Orb.
     0 | D        | Reached XP level 1. HP: 17/17 MP: 3/3
     2 | D        | Found a shimmering altar of Xom.
     2 | D        | Found a corrupted altar of Lugonu.
     3 | D        | Found a shadowy altar of Dithmenos.
     3 | D        | Found a viscous altar of Jiyva.
     4 | D        | Found a bloodstained altar of Trog.
     5 | D        | Found Laryt's Bee Food.
     5 | D        | Found a radiant altar of Vehumet.
     5 | D        | Found Dyothrop's Identification Station.
     5 | D        | Round 1.
     6 | D        | Found a burning altar of Makhleb.
     7 | D        | Found a sacrificial altar of Ru.
     7 | D        | Found a roughly hewn altar of Beogh.
     7 | D        | Found Deulas's Magic Scroll Shop.
     7 | D        | Found Siuruuk's Staff Store.
     8 | D        | Found Ijeafuoh's Magic Scroll Shop.
     8 | D        | Found Sianaj's Must-Have Magic.
    10 | D        | Noticed Sigmund
    12 | D        | Found a hide-covered altar of Uskayaw.
    13 | D        | Found an ancient bone altar of Kikubaaqudgha.
    14 | D        | Reached skill level 3 in Charms
    15 | D        | Reached XP level 2. HP: 3/25 MP: 3/5
    15 | D        | Killed from afar by Sigmund

Vault maps used:
D:        arena_sprint

Skill      XL: |  1 |
---------------+----+-----
Charms         | 3 |  3.7
Dodging        | 2 |  2.0
Fighting       | |  2.9
Axes           | |  2.8
Spellcasting   | |  2.6
Evocations     | |  0.4

Action                   || total
-------------------------++-------
Evoke: Wand              ||     3
Armor: Skin              ||     1
